 Dungeon Crawl Stone Soup version 0.18.1-48-g4cf74bf (webtiles) character file.

22 Heedrag the Sneak (level 3, -1/31 HPs)
             Began as a Kobold Assassin on Aug 5, 2016.
             Succumbed to an adder's poison
             ... on level 2 of the Dungeon.
             The game lasted 00:02:06 (1150 turns).

Heedrag the Sneak (Kobold Assassin)                 Turns: 1150, Time: 00:02:06

Health: -1/31      AC: 21    Str:  7 (9)  XL:     3   Next: 7%
Magic:  3/3        EV:  3    Int:  9 (10) God:
Gold:   105        SH:  0    Dex: 15 (17) Spells: 0 memorised, 2 levels left

rFire  . . .     SeeInvis .     a - +2 dagger
rCold  . . .     Gourm    .     (armour currently unavailable)
rNeg   + + +     Faith    .     (shield restricted)
rPois  +         Spirit   .     (helmet currently unavailable)
rElec  .         Dismiss  .     (cloak currently unavailable)
rCorr  .         Reflect  .     (gloves currently unavailable)
SustAt .         Harm     .     (boots currently unavailable)
MR     .....     NoTele   +     (no amulet)
Stlth  +++++.....               (no ring)
                                (no ring)

@: lethally poisoned (-1 -> -18), tree-form, not resistant to hostile
enchantments, quite stealthy
A: carnivore 3
a: no special abilities


You were on level 2 of the Dungeon.
You were very full.
You were a tree.
You visited 1 branch of the dungeon, and saw 2 of its levels.

You collected 105 gold pieces.

Inventory:

Hand Weapons
 a - a +2 dagger (weapon)
 b - a +0 blowgun
Missiles
 e - 24 poisoned needles
 f - 2 curare-tipped needles
Armour
 c - a +0 robe (melded)
 d - a +0 cloak (melded)
Scrolls
 i - a scroll of amnesia {unknown}
 l - 5 scrolls of remove curse {unknown}
 q - 4 scrolls of identify {unknown}
 t - a scroll of teleportation {unknown}
 u - a scroll of fog {unknown}
Potions
 o - a potion of haste {unknown}
 r - a potion of brilliance {unknown}
Books
 s - a book of Ice

   Spells                             Type                      Level
   a - Ice Form                       Ice/Transmutation            4
   b - Metabolic Englaciation         Hexes/Ice                    5
   c - Ozocubu's Refrigeration        Ice                          6
   d - Bolt of Cold                   Conjuration/Ice              6
   e - Freezing Cloud                 Conjuration/Ice/Air          6
   f - Simulacrum                     Ice/Necromancy               6
Comestibles
 g - a meat ration
 k - 4 fruits
 m - a royal jelly
 n - a beef jerky
 p - a bread ration


   Skills:
 - Level 2.1 Fighting
 - Level 2.6 Short Blades
 - Level 2.1 Throwing
 - Level 1.2 Dodging
 * Level 6.6 Stealth


You had 2 spell levels left.
You didn't know any spells.

Dungeon Overview and Level Annotations

Branches:
Dungeon (2/15)

Altars:
Elyvilon


Innate Abilities, Weirdness & Mutations

You are small and have problems with some larger weapons.
You are carnivorous and can eat meat at any time.


Message History

Ye feel sick.
Tha adder bites ye.
* * * LOW HITPOINT WARNIN'
* * * Ye hit tha adder.
Tha adder be severely wounded.
* * * LOW HITPOINT WARNIN'
* * * Ye feel sick.
Tha adder bites ye.
* * * LOW HITPOINT WARNIN'
* * * Ye be more poison'd.
Tha adder poisons ye!
Drink which item? (? fer menu, 'sc ta quit) It was a potion o' degeneration.
Thar was somethin' very wrong wit tha liquid.
Ye feel weaken'd.
Ye feel dopey.
Ye feel clumsy.
* * * LOW HITPOINT WARNIN'
* * * Ye feel sick.
Tha adder closely misses ye.
Drink which item? (? fer menu, 'sc ta quit) It was a potion o' lignification.
Ye turn inta a tree.
Yer +0 cloak melds inta yer body.
Yer +0 robe melds inta yer body.
Yer roots penetrate tha ground.
Ye die...

#.# #.#...## #.# #..#...## #.#
## #.#...#.# #.# .. #...#..##
#.# #. #.#.#.## #.# ####.#####
#.....# #.# #.........####.###
###.####....S.# #.)##.#
#...........♣.# #..##.#
#.#.##........###..##.##
####.#.##...#.............#
#.........<.##.#.####....#...#
##.##..###.#............[###..#
........##.###...######.#.# ..#
.......... #...# #.##.# .#
#....#..### #...# #.# .# .
#....#..# #...# #.# # ##


You could see an adder.

Vanquished Creatures
  3 bats (D:2)
  A giant cockroach (D:1)
  4 goblins
  5 hobgoblins
  A ball python (D:2)
  3 kobolds
  3 rats
20 creatures vanquished.

Notes
Turn   | Place    | Note
--------------------------------------------------------------
     0 | D:1      | Heedrag the Kobold Assassin began the quest for the Orb.
     0 | D:1      | Reached XP level 1. HP: 12/12 MP: 1/1
   163 | D:1      | Reached XP level 2. HP: 16/17 MP: 2/2
   352 | D:1      | Reached skill level 6 in Stealth
   899 | D:2      | Found a white marble altar of Elyvilon.
  1108 | D:2      | Reached XP level 3. HP: 21/21 MP: 3/3
  1149 | D:2      | HP: 1/21 [poisoned by an adder]
  1150 | D:2      | Succumbed to an adder's poison

Skill      XL: |  1  2 |
---------------+-------+-----
Stealth        | 6 |  6.6
Fighting       | |  2.1
Short Blades   | |  2.6
Throwing       | |  2.1
Dodging        | |  1.2

Action                   || total
-------------------------++-------
Melee: Dagger            ||    51
  Use: Potion            ||     2
 Stab: Sleeping          ||    11
  Eat: Chunk             ||     8
Armor: Robe              ||     4
Dodge: Dodged            ||    30
